HSSL
INDIANAPOLIS HS CHAOS @ BUCHANAN HS
05/08/2030
 
TOP OF THE 1ST
Indianapolis HS Chaos batting - Pitching for Buchanan HS : RHP Ray Lee
Pitching: RHP Ray Lee
Batting: RHB Brian Carriaga 0-0: Called Strike
0-1: Called Strike
0-2: Ball
1-2: Foul Ball, location: 2F
1-2: Ball
2-2: Ball
3-2: SINGLE (Line Drive, 7LS)
Batting: RHB Eric Pierce 0-0: Ball
1-0: Swinging Strike
1-1: Foul Ball, location: 2F
1-2: Fielders Choice at 2nd, 1-6 (Groundball, 13)
Batting: RHB Bryan Reed 0-0: Ball
Eric Pierce is caught stealing 2nd base
1-0: Called Strike
1-1: Ball
2-1: Foul Ball, location: 2F
2-2: Strikes out swinging
Top of the 1st over - 0 runs, 1 hit, 0 errors, 0 left on base; Indianapolis HS 0 - Buchanan HS 0
BOTTOM OF THE 1ST
Buchanan HS batting - Pitching for Indianapolis HS Chaos : RHP Jeffrey Weeks
Pitching: RHP Jeffrey Weeks
Batting: RHB Jorge Álvarez 0-0: Ball
1-0: Ball
2-0: Ground out 5-3 (Groundball, 25)
Batting: LHB Albert Fuentes 0-0: DOUBLE (Line Drive, 8LD)
Batting: LHB Edgar Cameron 0-0: Ball
1-0: Ball
2-0: Swinging Strike
2-1: Ball
Albert Fuentes is caught stealing 3rd base
3-1: Called Strike
3-2: Fly out, F5 (Flyball, 56D)
Bottom of the 1st over - 0 runs, 1 hit, 0 errors, 0 left on base; Indianapolis HS 0 - Buchanan HS 0
TOP OF THE 2ND
Indianapolis HS Chaos batting - Pitching for Buchanan HS : RHP Ray Lee
Batting: RHB Andy Norris 0-0: SINGLE (Groundball, 34D)
Batting: LHB William Morgan 0-0: Ball
1-0: Fly out, F4 (Line Drive, 4)
Batting: LHB José Alonzo 0-0: Foul Ball, location: 2F
0-1: Ball
1-1: Foul Ball, location: 2F
1-2: Strikes out looking
Batting: LHB Gonzalo Luna 0-0: Called Strike
0-1: Fly out, F5 (Popup, 5S)
Top of the 2nd over - 0 runs, 1 hit, 0 errors, 1 left on base; Indianapolis HS 0 - Buchanan HS 0
BOTTOM OF THE 2ND
Buchanan HS batting - Pitching for Indianapolis HS Chaos : RHP Jeffrey Weeks
Batting: RHB Anthony Moore 0-0: Called Strike
0-1: Ball
1-1: Swinging Strike
1-2: Reached on error, E7 (Flyball, 7S)
Batting: SHB Chad MacGregor 0-0: Ball
1-0: Called Strike
1-1: Foul Ball, location: 2F
1-2: Strikes out swinging
Batting: RHB Joe Ritchie 0-0: Called Strike
0-1: Ball
1-1: Foul Ball, location: 2F
1-2: Ball
2-2: Ball
3-2: Foul Ball, location: 2F
3-2: Reached on error, E5 (Groundball, 5S)
Anthony Moore to second
Batting: LHB David Guillén 0-0: Ball
1-0: Called Strike
1-1: Foul Ball, location: 2F
1-2: Foul Ball, location: 2F
1-2: Ball
2-2: Grounds into double play, 6-4-3 (Groundball, 56)
Bottom of the 2nd over - 0 runs, 0 hits, 2 errors, 1 left on base; Indianapolis HS 0 - Buchanan HS 0
TOP OF THE 3RD
Indianapolis HS Chaos batting - Pitching for Buchanan HS : RHP Ray Lee
Batting: RHB Jonathan Thompson 0-0: Called Strike
0-1: SINGLE (Groundball, 34D)
Batting: RHB Héctor Núñez 0-0: Ball
1-0: Swinging Strike
1-1: Ball
2-1: Foul Ball, location: 2F
2-2: Foul Ball, location: 2F
2-2: Foul Ball, location: 2F
2-2: Strikes out swinging
Batting: RHB Brian Carriaga 0-0: Ball
1-0: Ball
2-0: Called Strike
2-1: Swinging Strike
2-2: Foul Ball, location: 2F
2-2: Strikes out swinging
Batting: RHB Eric Pierce 0-0: Ground out 4-3 (Groundball, 4)
Top of the 3rd over - 0 runs, 1 hit, 0 errors, 1 left on base; Indianapolis HS 0 - Buchanan HS 0
BOTTOM OF THE 3RD
Buchanan HS batting - Pitching for Indianapolis HS Chaos : RHP Jeffrey Weeks
Batting: RHB Jack Lee 0-0: SOLO HOME RUN (Flyball, 7LD), Distance : 338 ft
Batting: RHB Jim Williams 0-0: Ball
1-0: Called Strike
1-1: Foul Ball, location: 2F
1-2: Foul Ball, location: 2F
1-2: Foul Ball, location: 2F
1-2: Ball
2-2: Foul Ball, location: 2F
2-2: Ball
3-2: Base on Balls
Batting: RHB Jorge Álvarez 0-0: Called Strike
0-1: Foul Ball, location: 2F
0-2: Ball
1-2: Ground out 5-3 (Groundball, 56S)
Jim Williams to second
Batting: LHB Albert Fuentes 0-0: Swinging Strike
0-1: Swinging Strike
0-2: Ball
1-2: Ball
2-2: Ball
3-2: Strikes out looking
Batting: LHB Edgar Cameron 0-0: Foul Ball, location: 2F
0-1: Called Strike
0-2: Ball
1-2: Ball
2-2: SINGLE (Line Drive, 8RS)
Jim Williams to third
Runner from 3rd tries for Home, SAFE, no throw
Batting: RHB Anthony Moore 0-0: Ball
1-0: Called Strike
1-1: Fly out, F7 (Flyball, 7)
Bottom of the 3rd over - 2 runs, 2 hits, 0 errors, 1 left on base; Indianapolis HS 0 - Buchanan HS 2
TOP OF THE 4TH
Indianapolis HS Chaos batting - Pitching for Buchanan HS : RHP Ray Lee
Batting: RHB Bryan Reed 0-0: Ball
1-0: Swinging Strike
1-1: Ball
2-1: Called Strike
2-2: Foul Ball, location: 2F
2-2: Foul Ball, location: 2F
2-2: Strikes out swinging
Batting: RHB Andy Norris 0-0: Called Strike
0-1: Ball
1-1: Ball
2-1: Ball
3-1: Base on Balls
Batting: LHB William Morgan 0-0: Ball
1-0: Ball
2-0: Called Strike
2-1: Foul Ball, location: 2F
2-2: Strikes out swinging
Batting: LHB José Alonzo 0-0: Ball
1-0: Ball
2-0: Ball
3-0: Base on Balls
Andy Norris to second
Batting: LHB Gonzalo Luna 0-0: Called Strike
0-1: 3-RUN HOME RUN (Flyball, 9LD), Distance : 352 ft
Pitching: RHP Carl Cunningham
Batting: RHB Jonathan Thompson 0-0: Foul Ball, location: 2F
0-1: Swinging Strike
0-2: Foul Ball, location: 2F
0-2: Foul Ball, location: 2F
0-2: Ball
1-2: Foul Ball, location: 2F
1-2: Ball
2-2: Ball
3-2: Base on Balls
Batting: RHB Héctor Núñez 0-0: Called Strike
0-1: Foul Ball, location: 2F
0-2: Strikes out swinging
Top of the 4th over - 3 runs, 1 hit, 0 errors, 1 left on base; Indianapolis HS 3 - Buchanan HS 2
BOTTOM OF THE 4TH
Buchanan HS batting - Pitching for Indianapolis HS Chaos : RHP Jeffrey Weeks
Batting: SHB Chad MacGregor 0-0: Ball
1-0: Ball
2-0: Ground out 5-3 (Groundball, 5)
Batting: RHB Joe Ritchie 0-0: Foul Ball, location: 2F
0-1: Called Strike
0-2: Strikes out swinging
Batting: LHB David Guillén 0-0: Called Strike
0-1: Ball
1-1: Ball
2-1: Ball
3-1: Base on Balls
Batting: RHB Jack Lee 0-0: Fly out, F4 (Line Drive, 4)
Bottom of the 4th over - 0 runs, 0 hits, 0 errors, 1 left on base; Indianapolis HS 3 - Buchanan HS 2
TOP OF THE 5TH
Indianapolis HS Chaos batting - Pitching for Buchanan HS : RHP Carl Cunningham
Batting: RHB Brian Carriaga 0-0: Ball
1-0: Swinging Strike
1-1: Called Strike
1-2: Ball
2-2: Ball
3-2: Base on Balls
Batting: RHB Eric Pierce 0-0: Called Strike
0-1: Swinging Strike
0-2: Ball
1-2: Foul Ball, location: 2F
1-2: Strikes out swinging
Batting: RHB Bryan Reed 0-0: Ball
1-0: Called Strike
1-1: Ball
2-1: Ball
3-1: Base on Balls
Brian Carriaga to second
Batting: RHB Andy Norris 0-0: Ball
1-0: Swinging Strike
1-1: Swinging Strike
1-2: Foul Ball, location: 2F
1-2: Foul Ball, location: 2F
1-2: Foul Ball, location: 2F
1-2: Grounds into double play, 6-4-3 (Groundball, 6)
Top of the 5th over - 0 runs, 0 hits, 0 errors, 1 left on base; Indianapolis HS 3 - Buchanan HS 2
BOTTOM OF THE 5TH
Buchanan HS batting - Pitching for Indianapolis HS Chaos : RHP Jeffrey Weeks
Batting: RHB Jim Williams 0-0: Called Strike
0-1: Ball
1-1: Foul Ball, location: 2F
1-2: Ball
2-2: SINGLE (Groundball, 4MD)
Batting: RHB Jorge Álvarez 0-0: Called Strike
0-1: Swinging Strike
0-2: Fly out, F7 (Flyball, 7S)
Batting: LHB Albert Fuentes 0-0: Called Strike
0-1: Swinging Strike
0-2: Strikes out looking
Pitching: RHP Alberto Vega
Batting: LHB Edgar Cameron 0-0: Ball
1-0: Called Strike
1-1: Ball
2-1: Fly out, F7 (Flyball, 7LSF)
Bottom of the 5th over - 0 runs, 1 hit, 0 errors, 1 left on base; Indianapolis HS 3 - Buchanan HS 2
TOP OF THE 6TH
Indianapolis HS Chaos batting - Pitching for Buchanan HS : RHP Carl Cunningham
Batting: LHB William Morgan 0-0: Ball
1-0: Ball
2-0: Swinging Strike
2-1: Ground out 4-3 (Groundball, 4)
Batting: LHB José Alonzo 0-0: Ball
1-0: Ball
2-0: Foul Ball, location: 2F
2-1: Ground out 5-3 (Groundball, 56)
Pitching: RHP Norm Hinton
Batting: LHB Gonzalo Luna 0-0: Ball
1-0: Ball
2-0: Called Strike
2-1: Called Strike
2-2: Strikes out swinging
Top of the 6th over - 0 runs, 0 hits, 0 errors, 0 left on base; Indianapolis HS 3 - Buchanan HS 2
BOTTOM OF THE 6TH
Buchanan HS batting - Pitching for Indianapolis HS Chaos : RHP Alberto Vega
Batting: RHB Anthony Moore 0-0: Ground out 6-3 (Groundball, 6)
Batting: SHB Chad MacGregor 0-0: Ball
1-0: Swinging Strike
1-1: Ball
2-1: Ball
3-1: SOLO HOME RUN (Flyball, 78XD), Distance : 403 ft
Batting: RHB Joe Ritchie 0-0: Ball
1-0: Ball
2-0: Called Strike
2-1: Called Strike
2-2: Strikes out swinging
Batting: LHB David Guillén 0-0: Fly out, F3 (Line Drive, 3L)
Bottom of the 6th over - 1 run, 1 hit, 0 errors, 0 left on base; Indianapolis HS 3 - Buchanan HS 3
TOP OF THE 7TH
Indianapolis HS Chaos batting - Pitching for Buchanan HS : RHP Norm Hinton
Batting: RHB Jonathan Thompson 0-0: SINGLE (Groundball, 6D)
Batting: RHB Héctor Núñez 0-0: SINGLE (Groundball, 56D)
Jonathan Thompson to second
Runner from 2nd tries for 3rd, SAFE, no throw
Batting: RHB Brian Carriaga 0-0: Ball
1-0: Foul Ball, location: 2F
1-1: Foul Ball, location: 2F
1-2: Ground out 5-3 (Groundball, 5)
Héctor Núñez to second
Batting: RHB Eric Pierce 0-0: Ball
1-0: Called Strike
1-1: Ball
2-1: Ball
3-1: Base on Balls
Batting: RHB Bryan Reed 0-0: Called Strike
0-1: Swinging Strike
0-2: Strikes out looking
Batting: RHB Andy Norris 0-0: Swinging Strike
0-1: Swinging Strike
0-2: Ball
1-2: Strikes out swinging
Top of the 7th over - 0 runs, 2 hits, 0 errors, 3 left on base; Indianapolis HS 3 - Buchanan HS 3
BOTTOM OF THE 7TH
Buchanan HS batting - Pitching for Indianapolis HS Chaos : RHP Alberto Vega
Batting: RHB Jack Lee 0-0: Ball
1-0: Foul Ball, location: 2F
1-1: Fly out, F2 (Popup, 3SF)
Batting: RHB Jim Williams 0-0: Ball
1-0: Called Strike
1-1: Swinging Strike
1-2: Ball
2-2: Foul Ball, location: 2F
2-2: Foul Ball, location: 2F
2-2: Strikes out swinging
Batting: RHB Jorge Álvarez 0-0: Ball
1-0: Called Strike
1-1: Ball
2-1: Ball
3-1: Base on Balls
Batting: LHB Albert Fuentes 0-0: Called Strike
0-1: Ball
1-1: Ground out 4-3 (Groundball, 34D)
Bottom of the 7th over - 0 runs, 0 hits, 0 errors, 1 left on base; Indianapolis HS 3 - Buchanan HS 3
TOP OF THE 8TH
Indianapolis HS Chaos batting - Pitching for Buchanan HS : RHP Norm Hinton
Batting: LHB William Morgan 0-0: Ball
1-0: Foul Ball, location: 2F
1-1: Foul Ball, location: 2F
1-2: Ball
2-2: Fly out, F9 (Line Drive, 9LM)
Batting: LHB José Alonzo 0-0: Foul Ball, location: 2F
0-1: Ball
1-1: SINGLE (Line Drive, 8LS)
Batting: LHB Gonzalo Luna 0-0: Ball
1-0: Swinging Strike
1-1: Foul Ball, location: 2F
1-2: Ball
2-2: Ball
3-2: Grounds into double play, 2-4-3 (Groundball, 2L)
Top of the 8th over - 0 runs, 1 hit, 0 errors, 0 left on base; Indianapolis HS 3 - Buchanan HS 3
BOTTOM OF THE 8TH
Buchanan HS batting - Pitching for Indianapolis HS Chaos : RHP Alberto Vega
Batting: LHB Edgar Cameron 0-0: Called Strike
0-1: Ball
1-1: Foul Ball, location: 2F
1-2: Foul Ball, location: 2F
1-2: Strikes out swinging
Batting: RHB Anthony Moore 0-0: Ball
1-0: Called Strike
1-1: Called Strike
1-2: Strikes out swinging
Batting: SHB Chad MacGregor 0-0: Called Strike
0-1: Swinging Strike
0-2: Ball
1-2: Ball
2-2: Strikes out looking
Bottom of the 8th over - 0 runs, 0 hits, 0 errors, 0 left on base; Indianapolis HS 3 - Buchanan HS 3
TOP OF THE 9TH
Indianapolis HS Chaos batting - Pitching for Buchanan HS : RHP Norm Hinton
Pitching: RHP Fernando Acevedo
Batting: RHB Jonathan Thompson 0-0: Ball
1-0: Foul Ball, location: 2F
1-1: Swinging Strike
1-2: Ball
2-2: Ball
3-2: Base on Balls
Batting: RHB Héctor Núñez 0-0: SINGLE (Groundball, 56D)
Jonathan Thompson to second
Batting: RHB Brian Carriaga 0-0: Ball
1-0: Single, Error in OF, E8, batter to second base
Jonathan Thompson scores
Héctor Núñez to third
Batting: RHB Eric Pierce 0-0: Called Strike
0-1: Ball
1-1: Ball
2-1: Ground out 5-3 (Groundball, 2L)
Batting: RHB Bryan Reed 0-0: Called Strike
0-1: Ball
1-1: Foul Ball, location: 2F
1-2: Strikes out looking
Batting: RHB Andy Norris 0-0: Called Strike
0-1: Foul Ball, location: 2F
0-2: Foul Ball, location: 2F
0-2: Ball
1-2: Ground out 1-3 (Groundball, 13S)
Top of the 9th over - 1 run, 2 hits, 1 error, 2 left on base; Indianapolis HS 4 - Buchanan HS 3
BOTTOM OF THE 9TH
Buchanan HS batting - Pitching for Indianapolis HS Chaos : RHP Alberto Vega
Pitching: LHP Júlio Hernández
Batting: RHB Joe Ritchie 0-0: Ball
1-0: Ball
2-0: Called Strike
2-1: Ball
3-1: Foul Ball, location: 2F
3-2: Fly out, F9 (Flyball, 9LM)
Batting: LHB David Guillén 0-0: Ball
1-0: Ball
2-0: Called Strike
2-1: Called Strike
2-2: Foul Ball, location: 2F
2-2: Strikes out swinging
Batting: RHB Jack Lee 0-0: Called Strike
0-1: Ball
1-1: Foul Ball, location: 2F
1-2: Ball
2-2: Ball
3-2: Foul Ball, location: 2F
3-2: SINGLE (Line Drive, 4MD)
Pinch Hitting: RHB Tom Ross 0-0: Called Strike
0-1: Ball
1-1: Foul Ball, location: 2F
1-2: Strikes out swinging
Bottom of the 9th over - 0 runs, 1 hit, 0 errors, 1 left on base; Indianapolis HS 4 - Buchanan HS 3
Saturday, April 7th, 2018 - OOTP Baseball 18.8 Build 76